 Dungeon Crawl Stone Soup version 0.30.0 (webtiles) character file.

Game seed: 14032811878020352289

4351 dxb338 the Cleaver (level 10, -6/88 HPs)
             Began as a Hill Orc Fighter on May 6, 2023.
             Was a Believer of Beogh.
             Mangled by a cyclops (16 damage)
             ... on level 9 of the Dungeon.
             The game lasted 00:19:46 (8982 turns).

dxb338 the Cleaver (Hill Orc Fighter)               Turns: 8982, Time: 00:19:46

Health: -6/88      AC: 22    Str: 24    XL:     10   Next: 34%
Magic:  0/10       EV:  7    Int:  8    God:    Beogh [**....]
Gold:   535        SH:  5    Dex: 10    Spells: 9/9 levels left

rFire   . . .        i - +3 war axe (freeze)
rCold   . . .        c - +0 buckler
rNeg    + . .        n - +1 plate armour
rPois   .            o - +1 hat
rElec   .            (no cloak)
rCorr   .            f - +2 pair of gloves
SInv    .            j - +2 pair of boots
Will    +....        e - amulet of guardian spirit Stlth
                     m - ring of positive energy
HPRegen 0.34/turn    w - ring of willpower
MPRegen 0.12/turn

%: guardian spirit
@: mighty
A: no striking features
a: Renounce Religion, Smiting


You were on level 9 of the Dungeon.
You worshipped Beogh.
Beogh was pleased with you.
You visited 1 branch of the dungeon, and saw 9 of its levels.

You collected 535 gold pieces.

Inventory:

Hand Weapons
 a - a +0 war axe
 i - a +3 war axe of freezing (weapon)
Missiles
 h - 16 poisoned darts (quivered)
Armour
 c - a +0 buckler (worn)
 f - a +2 pair of gloves (worn)
 j - a +2 pair of boots (worn)
 n - a +1 plate armour (worn)
 o - a +1 hat (worn)
Jewellery
 e - an amulet of guardian spirit (around neck)
 m - a ring of positive energy (left hand)
 w - a ring of willpower (right hand)
 y - a ring of fire
Wands
 d - a wand of light (12)
 l - a wand of charming (5)
 A - a wand of roots (11)
Potions
 b - a potion of cancellation
 p - 2 potions of resistance
 q - 2 potions of flight
 r - 2 potions of mutation
 s - a potion of curing
 t - 2 potions of attraction
 u - 4 potions of brilliance
 z - a potion of berserk rage


   Skills:
 + Level 8.2 Fighting
 + Level 12.1 Axes
 + Level 4.0 Throwing
 + Level 8.4 Armour
 + Level 1.4 Dodging
 + Level 0.3 Stealth
 + Level 6.1 Shields


You had 9 spell levels left.
You didn't know any spells.
Your spell library contained the following spells:

 Spells                   Type           Power      Damage    Failure   Level
 Blink                    Tloc           0%         N/A       100%        2
 Dazzling Flash           Conj/Hex       0%         N/A       100%        3
 Ozocubu's Armour         Ice            0%         N/A       100%        3
 Manifold Assault         Tloc           0%         N/A       100%        4
 Agony                    Necr           0%         N/A       100%        5
 Metabolic Englaciation   Hex/Ice        0%         N/A       100%        5
 Silence                  Hex/Air        0%         N/A       100%        5
 Simulacrum               Ice/Necr       0%         N/A       100%        6
 Storm Form               Tmut/Air       0%         N/A       100%        7


Dungeon Overview and Level Annotations

Branches:
Dungeon (9/15)             Temple (0/1) D:7            Lair (0/5) D:8
    Orc (0/2) D:9

Altars:
Cheibriados
Elyvilon
Fedhas
Okawaru
Vehumet
Xom
Jiyva


Message History

You feel better.
The water moccasin is no longer moving slowly.
The freezing wraith barely misses you. x2; The water moccasin bites you.
* * * LOW HITPOINT WARNING * * *
You are poisoned.
The water moccasin poisons you! The freezing wraith closely misses you.
The freezing wraith hits you but does no damage.
You feel better.
The water moccasin completely misses you.
You block the water moccasin's attack.
The freezing wraith hits you but does no damage. x2
The water moccasin bites you but does no damage.
You hit the freezing wraith.
The freezing wraith is severely damaged.
You hit the water moccasin.
The water moccasin seems to slow down.
You freeze the water moccasin.
You kill the water moccasin!
Beogh accepts your kill.
You feel yourself speed up.
The freezing wraith hits you but does no damage.
You block the freezing wraith's attack.
The freezing wraith hits you but does no damage. x2
You feel very mighty all of a sudden. The cyclops hits you!
* * * LOW HITPOINT WARNING * * *
You block the freezing wraith's attack.
The freezing wraith hits you but does no damage.
You slash the freezing wraith!
You destroy the freezing wraith!
Beogh accepts your kill.
You slice the cyclops!! You freeze the cyclops. The cyclops hits you!
* * * LOW HITPOINT WARNING * * *
Your Axes skill increases to level 12!
Your Throwing skill increases to level 4!
You barely miss the cyclops.
The cyclops is heavily wounded.
You hit the cyclops. You freeze the cyclops.
The cyclops is heavily wounded.
The cyclops hits you!
You die...

#................#...#C..#
......#...##.#####...#...#+##
......##.....#.......#.8.....
#.#...##.....#.......#......8
......######.#.....†.'.?([...
#.#...######.#...#####..|$$..
.............#...# ...$...
#.#.#.#......#.C.# 8.W....
......#......#..@# .....8.
#<..#.....##.#..)#########)..
#.#.#.....##.#......... ...
.(#.#.....##.#.†....... ..
#.....######.#.........
#.#.#.# ####'######. #.#...#
#.........# #.#.#.#
#.#######.# ..#.#.# #.#


You could see a cyclops.

Vanquished Creatures
  A freezing wraith (D:9)
  A hornet (D:7)
  A steam dragon (D:9)
  An acid dragon (D:9)
  Edmund (D:6)
  3 water moccasins
  3 ice beasts
  2 orc warriors
  A sky beast (D:7)
  4 ogres
  A phantom (D:5)
  3 centaurs
  A kobold brigand (D:9)
  4 bullfrogs
  2 scorpions
  5 wights (D:9)
  5 killer bees (D:8)
  2 howler monkeys
  4 crimson imps (D:7)
  4 jellies (D:9)
  4 orc priests
  A hound (D:6)
  A gnoll bouda (D:9)
  Terence (D:3)
  7 iguanas
  4 orc wizards
  11 gnolls
  5 adders
  3 shadow imps
  2 white imps
  4 ufetubi
  A worm (D:4)
  5 dart slugs
  21 orcs
  3 ball pythons
  4 bats
  6 endoplasms
  2 giant cockroaches (D:1)
  11 hobgoblins
  13 kobolds
  2 quokkas
  9 goblins
  8 rats
177 creatures vanquished.

Vanquished Creatures (others)
  A gnoll (D:9)
1 creature vanquished.

Grand Total: 178 creatures vanquished

Notes
Turn   | Place    | Note
-------+----------+-------------------------------------------
     0 | D:1      | dxb338 the Hill Orc Fighter began the quest for the Orb.
     0 | D:1      | Reached XP level 1. HP: 19/19 MP: 1/1
    74 | D:1      | Reached XP level 2. HP: 24/27 MP: 2/2
   435 | D:1      | Reached skill level 3 in Axes
   435 | D:1      | Reached XP level 3. HP: 33/33 MP: 3/3
  1692 | D:3      | Noticed Terence
  1709 | D:3      | Killed Terence
  1710 | D:3      | Reached skill level 4 in Axes
  1710 | D:3      | Reached XP level 4. HP: 34/41 MP: 2/4
  1870 | D:3      | Reached XP level 5. HP: 25/47 MP: 2/5
  2305 | D:4      | Noticed an ogre
  2468 | D:4      | Noticed an orc warrior
  2507 | D:4      | Reached skill level 5 in Axes
  2511 | D:4      | Killed an orc warrior
  2512 | D:4      | Reached XP level 6. HP: 35/55 MP: 3/6
  2612 | D:4      | Became a worshipper of Beogh the Brigand
  2883 | D:4      | Reached skill level 6 in Axes
  2942 | D:4      | Found a blossoming altar of Fedhas.
  2947 | D:4      | Reached skill level 5 in Fighting
  3011 | D:4      | Reached skill level 1 in Throwing
  3142 | D:4      | Reached XP level 7. HP: 49/61 MP: 7/7
  3456 | D:5      | Entered Level 5 of the Dungeon
  3624 | D:5      | Reached skill level 7 in Axes
  3682 | D:5      | Reached skill level 5 in Armour
  3786 | D:5      | Reached XP level 8. HP: 63/69 MP: 8/8
  3821 | D:5      | Reached skill level 8 in Axes
  4428 | D:6      | Noticed Edmund
  4441 | D:6      | Killed Edmund
  4442 | D:6      | Reached skill level 9 in Axes
  4442 | D:6      | Reached skill level 1 in Dodging
  4583 | D:6      | Reached * piety under Beogh
  4590 | D:6      | HP: 2/71 [orc warrior/+0 dire flail (7)]
  4955 | D:6      | Found a snail-covered altar of Cheibriados.
  5227 | D:6      | Reached XP level 9. HP: 54/78 MP: 5/9
  5884 | D:7      | Reached skill level 10 in Axes
  5899 | D:6      | Reached skill level 5 in Shields
  6276 | D:7      | Found a shimmering altar of Xom.
  6468 | D:7      | Found a staircase to the Ecumenical Temple.
  6526 | D:7      | Found an iron altar of Okawaru.
  6561 | D:7      | Noticed a hornet
  6570 | D:7      | Killed a hornet
  7060 | D:8      | Found a white marble altar of Elyvilon.
  7091 | D:8      | Reached skill level 11 in Axes
  7327 | D:8      | Found a radiant altar of Vehumet.
  7386 | D:8      | Reached ** piety under Beogh
  7545 | D:8      | Found a staircase to the Lair.
  7815 | D:9      | Found a viscous altar of Jiyva.
  8400 | D:9      | Reached XP level 10. HP: 66/88 MP: 7/10
  8605 | D:9      | Found a staircase to the Orcish Mines.
  8947 | D:9      | Noticed a cyclops
  8981 | D:9      | Reached skill level 12 in Axes
  8982 | D:9      | Mangled by a cyclops

Illustrated notes

Levels and vault maps discovered:
D:1:      saegor_arrival_simple_b, layout_rooms
D:2:      layout_loops_cross, minmay_hedge_maze, fountainhead,
          serial_bayou_pond_d
D:3:      layout_loops_ring, uniq_terence
D:4:      layout_gridville, lemuel_doored_altar, serial_co_window_serial,
          co_window_paths_a, co_window_paths_a, co_window_paths_b,
          co_window_of_opportunity_a, co_window_of_opportunity_a,
          co_window_corner_a, co_window_of_opportunity_a,
          co_window_of_opportunity_b, co_window_2corner, co_window_broadway_c,
          co_window_sun, glass_columns_c, guppyfry_early_orc_mine
D:5:      minmay_recursive_quarters, layout_rooms,
          nicolae_overflow_hidden_temple
D:6:      layout_layer_cave, kennysheep_slug_shrine, uniq_edmund
D:7:      layout_loops_cross, okawaru_altar_gauntlet_db, led_xom_imps,
          temple_hall
D:8:      layout_rooms, kennysheep_little_box, elyvilon_altar_3
D:9:      kennysheep_blocky_room, layout_basic, serial_glass, glass_columns_b,
          glass_columns_b, glass_columns_a, glass_columns_a, glass_columns_a,
          glass_columns_b, jiyva_altar_1

Skill      XL: |  1  2  3  4  5  6  7  8  9 10 |
---------------+-------------------------------+-----
Fighting       | 4 5 6 7 8 |  8.2
Axes           | 3 4 5 6 7 9 11 12 | 12.1
Armour         | 4 5 6 7 8 |  8.4
Shields        | 4 6 |  6.1
Throwing       | 1 2 3 4 |  4.0
Dodging        | 1 |  1.4
Stealth        | |  0.3

Action                     |  1- 3 |  4- 6 |  7- 9 | 10-12 || total
---------------------------+-------+-------+-------+-------++-------
  Melee: War axe           |   106 |   104 |   303 |    86 ||   599
  Throw: Dart              |     8 |    12 |    33 |    13 ||    66
         Stone             |     5 |       |       |       ||     5
 Invoke: Convert to Beogh  |       |     1 |       |       ||     1
    Use: Potion            |       |     1 |     3 |     4 ||     8
         Scroll            |       |       |    13 |     9 ||    22
 Armour: Scale mail        |     6 |       |       |       ||     6
         Chain mail        |    33 |       |       |       ||    33
         Plate armour      |    22 |    62 |   221 |    71 ||   376
  Dodge: Dodged            |    31 |    20 |   127 |    28 ||   206
  Block: Buckler           |    22 |    26 |    84 |    14 ||   146
